3L
HARTFORD WHALERS @ SEATTLE AVIATORS
07/16/2022
 
TOP OF THE 1ST
Hartford Whalers batting - Pitching for Seattle Aviators : RHP Matt Harris
Pitching: RHP Matt Harris
Batting: RHB Akahele Kimokeo 0-0: Ball
1-0: Foul Ball, location: 2F
1-1: Swinging Strike
1-2: Ground out 5-3 (Groundball, 5)
Batting: RHB Phil Hayes 0-0: Swinging Strike
0-1: Ball
1-1: Foul Ball, location: 2F
1-2: Ball
2-2: Foul Ball, location: 2F
2-2: Ground out 5-3 (Groundball, 56S)
Batting: LHB César Durán 0-0: Ball
1-0: Ball
2-0: Called Strike
2-1: Foul Ball, location: 2F
2-2: SINGLE (Groundball, 34D)
Batting: LHB Gerald Holloway 0-0: Called Strike
0-1: Called Strike
0-2: Fly out, F9 (Flyball, 9D)
Top of the 1st over - 0 run(s), 1 hit(s), 0 error(s), 1 left on base; Hartford 0 - Seattle 0
BOTTOM OF THE 1ST
Seattle Aviators batting - Pitching for Hartford Whalers : LHP Ryan Draper
Pitching: LHP Ryan Draper
Batting: RHB Kenzaburo Hori 0-0: Ball
1-0: Called Strike
1-1: Foul Ball, location: 2F
1-2: SINGLE (Groundball, 4M)
Batting: RHB Tanyu Kimura 0-0: Called Strike
0-1: Ball
1-1: Called Strike
1-2: Strikes out looking
Batting: LHB Kenny Webster 0-0: Called Strike
0-1: Foul Ball, location: 2F
0-2: 2-RUN HOME RUN (Flyball, 9LD), Distance : 335 ft
Batting: RHB Clarence Fox 0-0: Ball
1-0: Called Strike
1-1: Ball
2-1: Called Strike
2-2: SINGLE (Line Drive, 6D)
Batting: RHB Brian Williams 0-0: Ball
1-0: Ball
2-0: Ball
3-0: Hit by Pitch
Clarence Fox to second
Batting: RHB Lindsay Stewart 0-0: Swinging Strike
0-1: SINGLE (Flyball, 89M)
Clarence Fox to third
Brian Williams to second
Runner from 3rd tries for Home, SAFE, no throw or cutoff
Batting: RHB Tynan Hawkins 0-0: Ball
1-0: Ball
2-0: Foul Ball, location: 2F
2-1: Ball
3-1: Grounds out, U3 (Groundball, 3L)
Brian Williams to third
Batting: RHB Vernon Caw 0-0: Ball
1-0: Swinging Strike
1-1: Ball
2-1: Foul Ball, location: 2F
2-2: Strikes out swinging
Bottom of the 1st over - 3 run(s), 4 hit(s), 0 error(s), 2 left on base; Hartford 0 - Seattle 3
TOP OF THE 2ND
Hartford Whalers batting - Pitching for Seattle Aviators : RHP Matt Harris
Batting: RHB Brent Burgess 0-0: Swinging Strike
0-1: Ball
1-1: Foul Ball, location: 2F
1-2: Strikes out swinging
Batting: RHB Lawrence Bell 0-0: Ball
1-0: Ground out 5-3 (Groundball, 5)
Batting: LHB Norm Ortega 0-0: Called Strike
0-1: Foul Ball, location: 2F
0-2: Ground out U3 (Groundball, 3L)
Top of the 2nd over - 0 run(s), 0 hit(s), 0 error(s), 0 left on base; Hartford 0 - Seattle 3
BOTTOM OF THE 2ND
Seattle Aviators batting - Pitching for Hartford Whalers : LHP Ryan Draper
Batting: LHB Jorge Mojica 0-0: Foul Ball, location: 2F
0-1: Ball
1-1: SINGLE (Groundball, 4MD)
Batting: RHB Kenzaburo Hori 0-0: Ball
1-0: Ball
2-0: Foul Ball, location: 2F
2-1: Ball
3-1: Base on Balls
Jorge Mojica to second
Batting: RHB Tanyu Kimura 0-0: Reached on Error, E7 (Flyball, 7M)
Jorge Mojica to third
Kenzaburo Hori to second
Batting: LHB Kenny Webster 0-0: Ball
1-0: Foul Ball, location: 2F
1-1: Ball
2-1: Ball
3-1: Foul Ball, location: 2F
3-2: Base on Balls
Jorge Mojica scores
Kenzaburo Hori to third
Tanyu Kimura to second
Batting: RHB Clarence Fox 0-0: Called Strike
0-1: Swinging Strike
0-2: Ball
1-2: Ball
2-2: Fielders Choice at 2nd, U4 (Groundball, 4M)
Kenzaburo Hori scores
Tanyu Kimura to third
Batting: RHB Brian Williams 0-0: Ball
1-0: Ball
2-0: Called Strike
2-1: Foul Ball, location: 2F
2-2: Ball
3-2: Foul Ball, location: 2F
3-2: Grounds into double play, 6-4-3 (Groundball, 6M)
Bottom of the 2nd over - 2 run(s), 1 hit(s), 1 error(s), 1 left on base; Hartford 0 - Seattle 5
TOP OF THE 3RD
Hartford Whalers batting - Pitching for Seattle Aviators : RHP Matt Harris
Batting: RHB Javier Díaz 0-0: Foul Ball, location: 2F
0-1: Swinging Strike
0-2: Foul Ball, location: 2F
0-2: Ball
1-2: Ball
2-2: Foul Ball, location: 2F
2-2: Foul Ball, location: 2F
2-2: Strikes out swinging
Batting: LHB James Sorensen 0-0: Swinging Strike
0-1: Ball
1-1: Foul Ball, location: 2F
1-2: Strikes out looking
Batting: RHB Akahele Kimokeo 0-0: Ball
1-0: DOUBLE (Line Drive, 7D)
Batting: RHB Phil Hayes 0-0: Ball
1-0: Ball
2-0: Fly out, F9 (Flyball, 89M)
Top of the 3rd over - 0 run(s), 1 hit(s), 0 error(s), 1 left on base; Hartford 0 - Seattle 5
BOTTOM OF THE 3RD
Seattle Aviators batting - Pitching for Hartford Whalers : LHP Ryan Draper
Batting: RHB Lindsay Stewart 0-0: Ball
1-0: Ball
2-0: Ball
3-0: Base on Balls
Batting: RHB Tynan Hawkins 0-0: Ball
1-0: SINGLE (Flyball, 9LS)
Lindsay Stewart to second
Runner from 2nd tries for 3rd, SAFE, no throw or cutoff
Batting: RHB Vernon Caw 0-0: Called Strike
0-1: Ball
1-1: Ball
2-1: Called Strike
2-2: Strikes out swinging
Batting: LHB Jorge Mojica 0-0: Swinging Strike
0-1: Ball
1-1: Ball
2-1: SINGLE (Line Drive, 34)
Lindsay Stewart scores
Tynan Hawkins to second
Batting: RHB Kenzaburo Hori 0-0: Ball
Tynan Hawkins steals 3rd base
Jorge Mojica to second
1-0: Ball
2-0: Ball
3-0: Called Strike
3-1: Swinging Strike
3-2: Foul Ball, location: 2F
Balk!
Tynan Hawkins scores
Jorge Mojica to third
3-2: Base on Balls
Pitching: RHP Floyd MacFadden
Batting: RHB Tanyu Kimura 0-0: Swinging Strike
0-1: Ball
1-1: Ball
2-1: Foul Ball, location: 2F
2-2: Ball
3-2: Foul Ball, location: 2F
3-2: Base on Balls
Kenzaburo Hori to second
Batting: LHB Kenny Webster 0-0: DOUBLE (Line Drive, 8LXD)
Jorge Mojica scores
Kenzaburo Hori scores
Tanyu Kimura to third
Runner from 3rd tries for Home, SAFE, throw made home
Batting: RHB Clarence Fox 0-0: Ball
1-0: SINGLE (Line Drive, 8RS)
Kenny Webster to third
Runner from 3rd tries for Home, SAFE, throw made home
Clarence Fox to second
Batting: RHB Brian Williams 0-0: Foul Ball, location: 2F
0-1: Ball
1-1: Foul Ball, location: 2F
1-2: Ball
2-2: 2-RUN HOME RUN (Flyball, 8LXD), Distance : 438 ft
Pitching: RHP Glenn West
Batting: RHB Lindsay Stewart 0-0: Swinging Strike
0-1: Ball
1-1: Foul Ball, location: 2F
1-2: Foul Ball, location: 2F
1-2: DOUBLE (Flyball, 89D)
Batting: RHB Tynan Hawkins 0-0: Fly out, F7 (Flyball, 78M)
Batting: RHB Vernon Caw 0-0: Called Strike
0-1: Foul Ball, location: 2F
0-2: Foul Ball, location: 2F
0-2: Ball
1-2: Foul Ball, location: 2F
1-2: Ball
2-2: Foul Ball, location: 2F
2-2: Fly out, F4 (Line Drive, 4)
Bottom of the 3rd over - 8 run(s), 6 hit(s), 0 error(s), 1 left on base; Hartford 0 - Seattle 13
TOP OF THE 4TH
Hartford Whalers batting - Pitching for Seattle Aviators : RHP Matt Harris
Batting: LHB César Durán 0-0: Ball
1-0: Swinging Strike
1-1: Called Strike
1-2: Foul Ball, location: 2F
1-2: Foul Ball, location: 2F
1-2: Foul Ball, location: 2F
1-2: Ball
2-2: Strikes out swinging
Batting: LHB Gerald Holloway 0-0: Ball
1-0: Ground out 4-3 (Groundball, 4)
Batting: RHB Brent Burgess 0-0: Called Strike
0-1: Foul Ball, location: 2F
0-2: Strikes out swinging
Top of the 4th over - 0 run(s), 0 hit(s), 0 error(s), 0 left on base; Hartford 0 - Seattle 13
BOTTOM OF THE 4TH
Seattle Aviators batting - Pitching for Hartford Whalers : RHP Glenn West
Batting: LHB Jorge Mojica 0-0: Called Strike
0-1: Foul Ball, location: 2F
0-2: Foul Ball, location: 2F
0-2: Ground out 6-3 (Groundball, 6)
Batting: RHB Kenzaburo Hori 0-0: Ball
1-0: Ground out 6-3 (Groundball, 6)
Batting: RHB Tanyu Kimura 0-0: Foul Ball, location: 2F
0-1: Ball
1-1: Ball
2-1: Foul Ball, location: 2F
2-2: Ball
3-2: Foul Ball, location: 2F
3-2: Fly out, F5 (Popup, 5SF)
Bottom of the 4th over - 0 run(s), 0 hit(s), 0 error(s), 0 left on base; Hartford 0 - Seattle 13
TOP OF THE 5TH
Hartford Whalers batting - Pitching for Seattle Aviators : RHP Matt Harris
Batting: RHB Lawrence Bell 0-0: Ball
1-0: Ball
2-0: Foul Ball, location: 2F
2-1: Ball
3-1: Base on Balls
Batting: LHB Norm Ortega 0-0: Called Strike
0-1: Foul Ball, location: 2F
0-2: Ball
1-2: Ball
2-2: Foul Ball, location: 2F
2-2: Ball
3-2: Strikes out swinging
Batting: RHB Javier Díaz 0-0: Ball
1-0: Called Strike
1-1: Ball
2-1: Foul Ball, location: 2F
2-2: Fly out, F8 (Flyball, 8LM)
Batting: LHB James Sorensen 0-0: Called Strike
0-1: Called Strike
0-2: Strikes out looking
Top of the 5th over - 0 run(s), 0 hit(s), 0 error(s), 1 left on base; Hartford 0 - Seattle 13
BOTTOM OF THE 5TH
Seattle Aviators batting - Pitching for Hartford Whalers : RHP Glenn West
Batting: LHB Kenny Webster 0-0: SINGLE (Groundball, 34D)
Batting: RHB Clarence Fox 0-0: Called Strike
0-1: Reached on error, E5 (Groundball, 5S)
Kenny Webster to second
Batting: RHB Brian Williams 0-0: Ball
1-0: Ground out 5-3 (Groundball, 56S)
Kenny Webster to third
Clarence Fox to second
Batting: RHB Lindsay Stewart 0-0: Ball
1-0: Fly out, F7 (Flyball, 7M)
Runner from 3rd tags up, SCORES, throw made
Batting: RHB Tynan Hawkins 0-0: Ball
1-0: Foul Ball, location: 2F
1-1: Called Strike
1-2: Ground out 1-3 (Groundball, 15S)
Bottom of the 5th over - 1 run(s), 1 hit(s), 1 error(s), 1 left on base; Hartford 0 - Seattle 14
TOP OF THE 6TH
Hartford Whalers batting - Pitching for Seattle Aviators : RHP Matt Harris
Batting: RHB Akahele Kimokeo 0-0: Swinging Strike
0-1: Hit by Pitch
Batting: RHB Phil Hayes 0-0: Called Strike
0-1: Ball
1-1: Called Strike
1-2: Strikes out swinging
Batting: LHB César Durán 0-0: Ball
1-0: Ball
2-0: Foul Ball, location: 2F
2-1: Ball
3-1: Foul Ball, location: 2F
3-2: Fly out, F9 (Line Drive, 9D)
Batting: LHB Gerald Holloway 0-0: Ball
1-0: Called Strike
1-1: Swinging Strike
1-2: Strikes out swinging
Top of the 6th over - 0 run(s), 0 hit(s), 0 error(s), 1 left on base; Hartford 0 - Seattle 14
BOTTOM OF THE 6TH
Seattle Aviators batting - Pitching for Hartford Whalers : RHP Glenn West
Batting: RHB Vernon Caw 0-0: Called Strike
0-1: Ball
1-1: Ball
2-1: Swinging Strike
2-2: Strikes out swinging
Batting: LHB Jorge Mojica 0-0: Called Strike
0-1: Ball
1-1: Swinging Strike
1-2: Ball
2-2: SOLO HOME RUN (Flyball, 8RXD), Distance : 430 ft
Batting: RHB Kenzaburo Hori 0-0: Foul Ball, location: 2F
0-1: TRIPLE (Groundball, 5L)
Batting: RHB Tanyu Kimura 0-0: Called Strike
0-1: Swinging Strike
0-2: Ball
1-2: Foul Ball, location: 2F
1-2: Ball
2-2: Ball
3-2: Base on Balls
Batting: LHB Kenny Webster 0-0: Called Strike
0-1: Ball
1-1: Foul Ball, location: 2F
1-2: Ball
2-2: Fly out, F7 (Flyball, 7M)
Runner from 3rd tags up, SCORES, no throw
Batting: RHB Clarence Fox 0-0: Called Strike
0-1: Ball
1-1: Ball
2-1: Ball
3-1: Foul Ball, location: 2F
3-2: Foul Ball, location: 2F
3-2: Strikes out looking
Bottom of the 6th over - 2 run(s), 2 hit(s), 0 error(s), 1 left on base; Hartford 0 - Seattle 16
TOP OF THE 7TH
Hartford Whalers batting - Pitching for Seattle Aviators : RHP Matt Harris
Batting: RHB Brent Burgess 0-0: Called Strike
0-1: Ball
1-1: Foul Ball, location: 2F
1-2: Strikes out swinging
Batting: RHB Lawrence Bell 0-0: Ground out 6-3 (Groundball, 6M)
Batting: LHB Norm Ortega 0-0: Called Strike
0-1: Foul Ball, location: 2F
0-2: Strikes out swinging
Top of the 7th over - 0 run(s), 0 hit(s), 0 error(s), 0 left on base; Hartford 0 - Seattle 16
BOTTOM OF THE 7TH
Seattle Aviators batting - Pitching for Hartford Whalers : RHP Glenn West
Pitching: RHP Ernest White
Batting: RHB Brian Williams 0-0: Ball
1-0: Ball
2-0: Fly out, F5 (Popup, 5SF)
Pinch Hitting: RHB Sean Davis 0-0: Called Strike
0-1: Ball
1-1: Swinging Strike
1-2: Ball
2-2: Foul Ball, location: 2F
2-2: Ball
3-2: TRIPLE (Line Drive, 89M)
Batting: RHB Tynan Hawkins 0-0: Ball
1-0: SINGLE (Groundball, 4MD)
Sean Davis scores
Batting: RHB Vernon Caw 0-0: Called Strike
0-1: Swinging Strike
0-2: Ball
1-2: Ball
2-2: Foul Ball, location: 2F
2-2: DOUBLE (Flyball, 78D)
Tynan Hawkins to third
Runner from 3rd tries for Home, SAFE, no throw or cutoff
Batting: LHB Jorge Mojica 0-0: Ball
1-0: Ball
2-0: Called Strike
2-1: Foul Ball, location: 2F
2-2: Ball
3-2: Strikes out looking
Batting: RHB Kenzaburo Hori 0-0: Ball
1-0: Swinging Strike
1-1: Swinging Strike
1-2: Ball
2-2: Fly out, F8 (Flyball, 8LM)
Bottom of the 7th over - 2 run(s), 3 hit(s), 0 error(s), 1 left on base; Hartford 0 - Seattle 18
TOP OF THE 8TH
Hartford Whalers batting - Pitching for Seattle Aviators : RHP Matt Harris
Now in CF: Ramón García
Batting: RHB Javier Díaz 0-0: Swinging Strike
0-1: Ball
1-1: Swinging Strike
1-2: Strikes out looking
Batting: LHB James Sorensen 0-0: DOUBLE (Groundball, 3L)
Pitching: RHP Rex Hood
Batting: RHB Akahele Kimokeo 0-0: Ground out 5-3 (Groundball, 5S)
James Sorensen to third
Batting: RHB Phil Hayes 0-0: Called Strike
0-1: Ball
1-1: Foul Ball, location: 2F
1-2: Foul Ball, location: 2F
1-2: Ball
2-2: Ball
3-2: Base on Balls
Batting: LHB César Durán 0-0: Ball
1-0: Fly out, F9 (Flyball, 89D)
Top of the 8th over - 0 run(s), 1 hit(s), 0 error(s), 2 left on base; Hartford 0 - Seattle 18
BOTTOM OF THE 8TH
Seattle Aviators batting - Pitching for Hartford Whalers : RHP Ernest White
Batting: RHB Tanyu Kimura 0-0: Ball
1-0: Ball
2-0: Foul Ball, location: 2F
2-1: Ball
3-1: Called Strike
3-2: Foul Ball, location: 2F
3-2: Base on Balls
Batting: LHB Kenny Webster 0-0: Called Strike
0-1: SINGLE (Line Drive, 89S)
Tanyu Kimura to second
Runner from 2nd tries for 3rd, SAFE, no throw or cutoff
Batting: RHB Clarence Fox 0-0: Ball
1-0: Fly out, F9 (Flyball, 9S)
Batting: RHB Brian Williams 0-0: Called Strike
0-1: Fly out, F8 (Flyball, 8RXD)
Runner from 3rd tags up, SCORES, no throw
Batting: LHB Ramón García 0-0: Ground out 4-3 (Groundball, 4)
Bottom of the 8th over - 1 run(s), 1 hit(s), 0 error(s), 1 left on base; Hartford 0 - Seattle 19
TOP OF THE 9TH
Hartford Whalers batting - Pitching for Seattle Aviators : RHP Rex Hood
Batting: LHB Gerald Holloway 0-0: Ball
1-0: Swinging Strike
1-1: Called Strike
1-2: SINGLE (Groundball, 34D)
Batting: RHB Brent Burgess 0-0: DOUBLE (Line Drive, 3D)
Gerald Holloway to third
Batting: RHB Lawrence Bell 0-0: Ball
1-0: Ball
2-0: Ball
3-0: Called Strike
3-1: Called Strike
3-2: Base on Balls
Batting: LHB Norm Ortega 0-0: Called Strike
0-1: Foul Ball, location: 2F
0-2: Strikes out swinging
Batting: RHB Javier Díaz 0-0: Ball
1-0: Ball
2-0: Called Strike
2-1: Foul Ball, location: 2F
2-2: Strikes out swinging
Batting: LHB James Sorensen 0-0: Ball
Wild Pitch!
Gerald Holloway scores
Brent Burgess to third
Lawrence Bell to second
1-0: Called Strike
1-1: Ball
2-1: Ball
3-1: Foul Ball, location: 2F
3-2: Strikes out looking
Top of the 9th over - 1 run(s), 2 hit(s), 0 error(s), 2 left on base; Hartford 1 - Seattle 19
This league is powered by Out of the Park Baseball, the baseball management simulation game for PC, Mac and Linux
Friday, April 15th, 2016 - OOTP Baseball 16.9 Build 39